Map: [EWC] Site Delta

Players

Solar

  • Race: Zerg Zerg
  • Spawn Location: 5:00

Maru - Winner!

  • Race: Terran Terran
  • Spawn Location: 11:00

Event: Esports World Cup 2024

VOD

Have the link to the VOD?

Description

Time

  • Played on: Aug. 17, 2024, 9:09 a.m.
  • Length: 28:23

All games in this series

Show
View Real Time Build Order
Export as new Build Order

Solar Zerg 

Build Orders: Hatch First 

Get SALT Encoding   

  12  0:00  Drone  
  13  0:12  Overlord  
  13  0:17  Drone  
  14  0:31  Drone x2  
  16  0:47  Hatchery  
  15  0:50  Drone  
  15  0:54  Drone  
  17  0:57  Drone  
  18  1:08  Extractor  
  17  1:12  Spawning Pool  
  17  1:15  Drone  
  17  1:19  Drone  
  18  1:28  Drone  
  20  1:40  Drone  
  20  1:50  Drone  
  21  1:59  Queen x2  
  21  2:00  Zergling x4  
  27  2:10  Zergling x2  
  27  2:14  Overlord  
  28  2:19  Metabolic Boost  
  28  2:33  Drone x2  
  28  2:35  Queen x2  
  34  2:40  Overlord  
  34  2:41  Drone  
  34  2:43  Drone  
  36  2:59  Overlord  
  36  3:00  Drone x2  
  36  3:05  Drone x2  
  39  3:12  Drone  
  40  3:13  Drone  
  40  3:16  Zergling x4  
  43  3:24  Drone  
  43  3:26  Hatchery, Overlord  
  43  3:30  Drone  
  44  3:38  Drone  
  45  3:47  Queen x2  
  49  3:49  Drone x3  
  49  3:50  Overlord  
  49  3:52  Drone  
  49  3:54  Drone x2  
  55  3:56  Extractor  
  55  3:58  Drone  
  55  4:02  Drone  
  56  4:04  Overlord  
  56  4:10  Drone  
  56  4:13  Evolution Chamber  
  56  4:14  Drone, Evolution Chamber  
  56  4:17  Drone x4  
  60  4:21  Drone  
  60  4:24  Queen  
  61  4:29  Queen  
  61  4:31  Drone  
  66  4:34  Drone x2  
  66  4:38  Overlord  
  68  4:41  Queen  
  68  4:43  Drone  
  68  4:44  Drone  
  72  4:46  Drone  
  72  4:49  Overlord  
  72  4:50  Drone  
  74  4:55  Zerg Ground Armor Level 1  
  74  4:57  Drone x2  
  76  5:02  Zerg Melee Weapons Level 1  
  76  5:03  Overlord  
  76  5:04  Drone  
  77  5:09  Drone x4  
  77  5:11  Zergling x4  
  77  5:13  Zergling x2  
  84  5:17  Zergling x6  
  87  5:24  Spore Crawler  
  87  5:25  Zergling x6  
  87  5:28  Lair  
  89  5:31  Baneling Nest  
  89  5:33  Drone x3  
  91  5:36  Extractor  
  91  5:37  Drone x2, Extractor  
  91  5:40  Drone x2  
  91  5:41  Drone  
  95  5:42  Drone  
  95  5:46  Queen  
  94  5:50  Drone x2  
  94  5:51  Drone  
  97  5:59  Overlord  
  97  6:05  Zergling x2  
  97  6:07  Overlord  
  97  6:10  Overlord  
  98  6:13  Hatchery, Overlord  
  97  6:18  Zergling x2  
  97  6:19  Zergling x12  
  103  6:27  Centrifugal Hooks  
  103  6:28  Zergling x2  
  104  6:33  Drone x2  
  104  6:36  Baneling x7  
  104  6:38  Zergling x2  
  106  6:41  Zergling x12  
  106  6:45  Drone  
  112  6:55  Drone x3  
  112  6:57  Zerg Melee Weapons Level 2, Zerg Ground Armor Level 2  
  112  6:58  Zergling x2  
  112  6:59  Zergling x4  
  118  7:02  Overlord  
  118  7:03  Drone  
  118  7:04  Hatchery  
  118  7:05  Zergling x2  
  119  7:09  Baneling x8  
  119  7:12  Zergling x6  
  119  7:14  Overlord  
  122  7:16  Zergling x2  
  122  7:17  Zergling x8  
  127  7:27  Zergling x12  
  132  7:31  Overlord  
  132  7:36  Baneling x2  
  132  7:37  Zergling x8  
  132  7:41  Hatchery  
  133  7:47  Zergling x6  
  133  7:50  Baneling x5  
  133  7:51  Overlord  
  136  7:56  Zergling x12  
  135  8:00  Zergling x2  
  135  8:03  Zergling x2  
  135  8:04  Zergling x6  
  130  8:09  Drone, Infestation Pit  
  130  8:13  Drone x2  
  130  8:18  Zergling x10  
  130  8:19  Hatchery  
  136  8:21  Queen  
  136  8:25  Zergling x2  
  136  8:26  Zergling x2  
  139  8:29  Zergling x2  
  139  8:30  Baneling x9, Zergling x2  
  139  8:31  Baneling x6  
  141  8:36  Zergling x16  
  141  8:38  Drone  
  141  8:40  Overlord  
  150  8:46  Zergling x2  
  150  8:47  Zergling x6  
  144  8:50  Drone x2, Hive  
  147  8:55  Zergling x6  
  147  9:01  Zergling x4  
  144  9:09  Zergling x10  
  137  9:15  Hatchery  
  137  9:16  Zergling x2  
  137  9:17  Zergling x12  
  134  9:20  Drone x4  
  134  9:21  Extractor  
  137  9:26  Overlord  
  137  9:29  Zergling x12  
  142  9:32  Overlord  
  142  9:34  Zergling x6  
  144  9:40  Extractor  
  144  9:41  Drone x2  
  144  9:43  Drone x2, Pneumatized Carapace  
  144  9:44  Overlord  
  147  9:47  Drone  
  147  9:51  Zergling x18  
  147  9:52  Overseer  
  157  10:04  Viper x3, Adrenal Glands  
  157  10:05  Hydralisk Den  
  165  10:07  Zergling x10  
  165  10:10  Hatchery  
  165  10:12  Zergling x6  
  171  10:18  Zergling x10, Extractor  
  174  10:27  Drone x6  
  174  10:28  Drone x3, Zerg Ground Armor Level 3  
  183  10:30  Zergling x4  
  183  10:32  Zergling x2  
  183  10:34  Zerg Missile Weapons Level 1  
  186  10:37  Zergling x8  
  186  10:39  Grooved Spines  
  191  10:42  Zergling x2  
  191  10:43  Zergling x2  
  191  10:48  Drone x2  
  193  10:55  Overseer  
  193  10:56  Baneling x2, Zergling x8  
  193  10:57  Zergling x14  
  172  11:14  Hydralisk x7  
  171  11:20  Hydralisk x2  
  167  11:29  Zergling x14  
  167  11:30  Zergling x8  
  166  11:35  Hydralisk x3  
  166  11:37  Viper  
  174  11:43  Zergling x10  
  160  11:50  Zergling x8  
  160  11:52  Hydralisk x2  
  155  11:54  Baneling  
  155  11:55  Baneling  
  155  11:56  Muscular Augments  
  155  11:58  Zergling x6  
  157  12:02  Drone  
  157  12:03  Drone x2  
  157  12:04  Baneling x3  
  157  12:05  Baneling x4  
  157  12:07  Zergling x4  
  161  12:09  Overseer  
  161  12:11  Baneling  
  161  12:14  Zergling x8  
  165  12:18  Zergling x4  
  165  12:22  Drone x2  
  169  12:26  Baneling x4  
  169  12:28  Zergling x8  
  169  12:29  Zerg Missile Weapons Level 2  
  172  12:35  Zergling x12  
  170  12:39  Hatchery  
  170  12:42  Zergling x12  
  170  12:43  Baneling x2  
  173  12:51  Hydralisk x3  
  157  12:52  Zergling x10  
  157  12:56  Zergling x4  
  167  12:59  Zergling x6  
  167  13:05  Zerg Melee Weapons Level 3, Zergling x4  
  169  13:06  Baneling x2  
  169  13:08  Zergling x10  
  167  13:14  Zergling x6  
  167  13:16  Baneling  
  167  13:19  Zergling x6  
  161  13:22  Hydralisk x2  
  156  13:28  Zergling x2  
  156  13:29  Zergling x10  
  156  13:33  Hydralisk x3  
  163  13:35  Drone x3  
  163  13:36  Zergling x2  
  163  13:37  Lurker Den  
  163  13:38  Hatchery  
  163  13:40  Zergling x4  
  167  13:45  Zergling x14  
  167  13:46  Baneling x2  
  167  13:47  Queen  
  173  13:49  Extractor  
  173  13:51  Baneling  
  173  13:54  Zergling x8  
  173  13:57  Zergling x4  
  173  14:00  Drone  
  176  14:03  Drone x2  
  176  14:06  Zergling x14  
  185  14:14  Zergling x14  
  185  14:15  Baneling x4  
  185  14:16  Baneling x4  
  192  14:19  Baneling  
  192  14:20  Baneling  
  192  14:21  Zergling x8  
  196  14:32  Zergling x6  
  191  14:40  Zergling x22  
  191  14:45  Hydralisk x4  
  197  14:49  Zergling x2  
  197  14:59  Baneling x7  
  196  15:01  Zergling x8  
  196  15:06  Seismic Spines  
  199  15:11  Lurker  
  199  15:13  Baneling x8  
  200  15:17  Overseer  
  200  15:18  Nydus Network  
  200  15:19  Burrow  
  200  15:20  Hatchery, Drone  
  199  15:21  Drone  
  200  15:29  Overseer  
  193  15:45  Zergling x2, Hydralisk x3  
  193  15:46  Zergling x10  
  200  15:53  Zerg Missile Weapons Level 3  
  200  16:03  Adaptive Talons  
  196  16:07  Zergling x8  
  196  16:08  Nydus Canal  
  196  16:10  Zergling x2  
  199  16:16  Zergling x2  
  176  16:28  Hydralisk x3  
  176  16:29  Zergling x8  
  176  16:30  Zergling x10  
  176  16:31  Zergling x36  
  176  16:32  Zergling x2  
  196  16:46  Zergling x18  
  199  16:49  Lurker x7  
  199  16:51  Zergling x4, Nydus Canal  
  199  16:55  Baneling x17  
  199  16:56  Zergling x2  
  199  17:06  Zergling x6  
  200  17:10  Zergling x2  
  200  17:11  Zergling x8  
  200  17:14  Nydus Canal  
  197  17:15  Infestor  
  198  17:25  Extractor  
  198  17:26  Overseer  
  198  17:28  Zergling x2  
  198  17:29  Zergling x2  
  199  17:35  Baneling x2  
  199  17:36  Hatchery  
  198  17:43  Zergling x4  
  200  17:45  Nydus Canal  
  200  17:54  Hydralisk x2  
  200  17:55  Zergling x12  
  200  18:02  Zergling x6  
  199  18:09  Zergling x12  
  196  18:13  Zergling x6  
  196  18:19  Baneling, Zergling x2  
  199  18:20  Baneling x2  
  199  18:22  Infestor  
  197  18:28  Hydralisk x2  
  197  18:29  Zergling x6  
  198  18:36  Zergling x2  
  198  18:44  Zergling x18, Hydralisk  
  198  18:45  Hydralisk x5  
  198  18:48  Hydralisk x8  
  184  18:49  Zergling x10  
  184  18:50  Hydralisk x2  
  184  18:53  Zergling x10  
  192  18:56  Spore Crawler, Hydralisk x3  
  192  18:57  Spore Crawler  
  192  19:02  Zergling x8  
  200  19:07  Baneling x17  
  200  19:11  Infestor  
  200  19:12  Baneling x6  
  200  19:21  Zergling x2  
  200  19:22  Zergling x4  
  200  19:28  Hatchery  
  197  19:35  Zergling x6  
  190  19:50  Hydralisk x10  
  190  19:51  Zergling x2  
  186  19:52  Hydralisk  
  186  19:53  Zergling x16, Hydralisk x2  
  186  19:54  Zergling x24  
  186  19:59  Zergling x10  
  198  20:01  Lurker x2  
  200  20:08  Nydus Canal  
  199  20:14  Zergling x4  
  198  20:25  Zergling x14  
  198  20:27  Hatchery  
  197  20:30  Zergling x14  
  197  20:32  Hydralisk  
  197  20:33  Zergling x2  
  197  20:35  Baneling x10, Zergling x12  
  198  20:43  Zergling x4  
  197  20:56  Baneling x6  
  196  21:06  Zergling x10  
  196  21:10  Zergling x2  
  191  21:27  Zergling x20  
  200  21:37  Zergling x12  
  200  21:38  Zergling x2  
  197  21:43  Zergling x16  
  197  21:46  Baneling x2, Overseer  
  199  21:48  Overseer  
  197  21:56  Zergling x8  
  196  22:04  Hydralisk x2  
  196  22:05  Zergling x14  
  198  22:10  Baneling x2  
  198  22:11  Baneling x7  
  197  22:20  Zergling x40  
  199  22:23  Viper x2  
  199  22:25  Zergling x6  
  199  22:26  Zergling x4  
  199  22:28  Zergling x4  
  199  22:33  Baneling x8  
  199  22:40  Extractor  
  199  22:41  Nydus Canal, Extractor  
  195  22:47  Hatchery  
  195  22:48  Overlord x2  
  195  22:49  Overlord x2  
  190  22:53  Baneling x3  
  190  22:54  Baneling x2  
  186  22:59  Zergling x8  
  186  23:02  Overlord  
  186  23:03  Overlord  
  180  23:07  Infestor x3  
  180  23:08  Zergling x2  
  180  23:09  Zergling x28  
  180  23:12  Baneling x2, Overseer  
  192  23:14  Zergling x2  
  192  23:15  Zergling x18  
  198  23:20  Zergling x4  
  182  23:27  Zergling x14  
  182  23:29  Nydus Canal  
  182  23:31  Zergling x18  
  193  23:36  Hydralisk  
  193  23:37  Zergling x8  
  193  23:40  Zergling x2  
  197  24:04  Zergling x2  
  197  24:05  Zergling x2  
  199  24:20  Zergling x10  
  197  24:25  Hydralisk x16  
  197  24:27  Zergling x8  
  199  24:33  Hydralisk x2  
  199  24:34  Zergling x6  
  199  24:35  Baneling  
  199  24:36  Baneling x8  
  199  24:37  Infestor x3  
  197  24:39  Zergling x6  
  197  24:44  Zergling x10  
  199  24:52  Hydralisk x3  
  157  24:53  Zergling x26  
  157  24:56  Baneling x14  
  157  24:57  Viper x2  
  175  25:02  Hydralisk x2  
  177  25:14  Hatchery  
  164  25:15  Zergling x10  
  164  25:18  Hatchery  
  168  25:22  Hydralisk  
  168  25:23  Hydralisk  
  168  25:25  Baneling x4  
  170  25:30  Infestor  
  170  25:33  Hydralisk x2  
  174  25:36  Zergling x8  
  174  25:40  Baneling x3  
  178  25:44  Zergling x8  
  180  25:56  Hydralisk x3  
  182  25:58  Infestor  
  182  26:01  Infestor  
  181  26:18  Infestor, Hydralisk x3  
  152  26:19  Hydralisk x17  
  143  26:25  Zergling x2  
  143  26:26  Zergling x12  
  143  26:29  Baneling x9  
  143  26:30  Hydralisk  
  142  26:37  Zergling x6  
  132  26:45  Zergling x6  
  130  27:00  Hatchery  
  126  27:08  Zergling x6  
  126  27:11  Baneling x4  
  129  27:16  Zergling x4  
  129  27:19  Baneling x4  
  130  27:31  Lurker x2  
  130  27:32  Lurker  
  130  27:36  Hatchery  
  132  27:41  Extractor  
  132  27:42  Extractor  
  130  27:49  Drone x9  
  139  27:59  Zergling x8  
  139  28:04  Zergling x6  
Show
View Real Time Build Order
Export as new Build Order

Maru Terran - Winner!

Build Orders:  

Get SALT Encoding   

  12  0:00  SCV  
  13  0:12  SCV  
  14  0:17  Supply Depot  
  14  0:24  SCV  
  15  0:39  SCV  
  15  0:41  Barracks  
  16  0:43  Refinery  
  16  0:51  SCV  
  17  0:59  Barracks  
  17  1:03  SCV  
  18  1:15  SCV  
  19  1:28  Orbital Command, Reaper  
  19  1:30  Supply Depot  
  20  1:45  Reaper  
  21  1:53  SCV  
  22  2:03  Reaper  
  22  2:05  SCV  
  24  2:10  Command Center  
  24  2:18  SCV  
  24  2:19  Refinery  
  26  2:30  SCV  
  27  2:42  Marine, Factory  
  27  2:44  SCV  
  28  2:52  Barracks Reactor  
  28  2:56  SCV  
  28  2:58  Command Center  
  29  3:07  Barracks Tech Lab  
  29  3:08  SCV  
  30  3:20  SCV  
  30  3:22  Orbital Command  
  31  3:27  Starport  
  31  3:32  SCV  
  32  3:38  Hellion x2  
  36  3:44  SCV, Marine  
  38  3:49  SCV  
  38  3:52  Barracks Reactor  
  39  3:56  SCV  
  39  4:01  SCV  
  45  4:04  Liberator  
  45  4:08  SCV  
  45  4:11  Orbital Command  
  45  4:12  Stimpack  
  45  4:14  Hellion x2  
  49  4:17  SCV  
  49  4:20  SCV  
  49  4:23  Supply Depot  
  51  4:24  Marine  
  51  4:29  SCV  
  53  4:32  Marine x2  
  53  4:33  SCV, Refinery  
  56  4:39  SCV  
  56  4:40  Supply Depot  
  56  4:41  SCV  
  56  4:42  Marine  
  59  4:49  Factory Tech Lab  
  59  4:50  SCV, Marine x2  
  59  4:51  SCV  
  63  4:55  SCV  
  63  4:57  Medivac x2  
  68  5:02  SCV, Engineering Bay  
  68  5:03  Engineering Bay  
  68  5:04  Supply Depot  
  68  5:06  Marine  
  70  5:10  Siege Tank  
  73  5:14  SCV  
  73  5:16  SCV  
  73  5:17  Supply Depot  
  73  5:20  Marine  
  76  5:21  Refinery  
  76  5:23  SCV  
  77  5:29  Marine x2  
  79  5:36  SCV x2  
  79  5:37  Marine, Barracks  
  79  5:41  Supply Depot  
  79  5:42  Terran Infantry Armor Level 1  
  82  5:46  Marine  
  82  5:47  Marine  
  82  5:48  Starport Reactor  
  84  5:53  Terran Infantry Weapons Level 1  
  84  5:54  Supply Depot  
  84  5:55  Marine  
  84  5:56  Siege Tank  
  85  5:58  Orbital Command  
  85  6:04  SCV, Marine  
  86  6:06  Marine, Barracks  
  86  6:07  Combat Shield  
  86  6:10  SCV  
  89  6:16  SCV  
  89  6:17  Barracks  
  90  6:19  Marine  
  90  6:22  SCV  
  90  6:23  Supply Depot  
  92  6:28  SCV, Marine x2  
  92  6:29  Siege Tank  
  92  6:30  SCV  
  99  6:34  SCV  
  99  6:38  Armory  
  100  6:40  SCV  
  100  6:41  Supply Depot, Marine  
  100  6:45  SCV  
  100  6:46  SCV  
  104  6:52  SCV  
  105  6:57  SCV  
  105  6:59  SCV  
  105  7:01  Siege Tank, Barracks Reactor  
  110  7:04  SCV  
  110  7:05  Medivac x2  
  115  7:09  SCV, Marine  
  115  7:11  SCV, Barracks Reactor  
  115  7:12  Marine x4  
  122  7:19  SCV  
  122  7:21  SCV  
  124  7:23  SCV  
  124  7:25  Supply Depot x2  
  125  7:34  Command Center  
  125  7:44  SCV  
  125  7:45  Terran Infantry Armor Level 2  
  125  7:46  Marine x3  
  125  7:47  SCV  
  125  7:49  Marine x2  
  131  7:52  Medivac x2  
  131  7:57  Marine x2  
  129  7:58  SCV  
  129  7:59  SCV x2  
  129  8:04  Marine  
  129  8:05  Marine x3  
  127  8:06  Siege Tank, Command Center  
  127  8:08  Marine x2  
  127  8:11  SCV  
  133  8:14  Refinery, Factory  
  133  8:17  Supply Depot  
  133  8:18  Sensor Tower  
  133  8:22  Marine x2  
  135  8:28  Marine x6  
  141  8:34  Barracks  
  141  8:35  Barracks x2  
  141  8:37  Terran Infantry Weapons Level 2  
  141  8:39  Supply Depot, Marine  
  142  8:43  SCV x3  
  139  8:54  Marine x5  
  139  8:55  SCV x2  
  146  8:56  Medivac x2  
  146  8:57  Marine x3  
  150  9:03  SCV  
  150  9:04  Marine  
  150  9:07  SCV x2  
  150  9:09  Factory Reactor  
  150  9:13  Command Center  
  135  9:20  Marine  
  135  9:21  Marine  
  135  9:22  Marauder  
  135  9:24  Barracks Tech Lab x2  
  139  9:27  Barracks Tech Lab  
  139  9:31  Medivac x2  
  143  9:33  Marine  
  143  9:35  SCV  
  143  9:36  SCV x2  
  143  9:38  Supply Depot x2, Terran Vehicle And Ship Armor Level 1, Drilling Claws  
  142  9:39  Widow Mine  
  142  9:40  Marine  
  142  9:41  Marine x3  
  142  9:43  Marauder  
  142  9:44  Supply Depot, Concussive Shells  
  150  9:46  Marauder x2  
  150  9:48  Refinery  
  150  9:49  Marine  
  150  9:50  Marauder  
  157  9:59  Marine x2  
  157  10:01  Widow Mine x3  
  157  10:02  Supply Depot  
  157  10:04  Terran Infantry Armor Level 3  
  157  10:05  Marauder  
  166  10:07  Marauder x2  
  166  10:11  Marauder  
  166  10:13  Marine x2  
  174  10:22  Widow Mine x2  
  174  10:23  Medivac x2  
  174  10:26  Marauder  
  184  10:29  Marauder  
  184  10:30  Marine x2  
  184  10:31  Marauder  
  184  10:33  Marauder  
  184  10:34  Marine, Widow Mine  
  195  10:37  Marine x2  
  197  10:43  Widow Mine  
  197  10:44  Command Center  
  197  10:46  Planetary Fortress  
  199  10:55  Terran Infantry Weapons Level 3  
  199  10:56  Marine  
  200  11:03  Marine  
  195  11:04  Marauder  
  195  11:07  Widow Mine x2  
  195  11:09  Medivac  
  197  11:12  Marine, Marauder  
  197  11:17  Marine x2  
  197  11:18  Marine x2, Marauder x2, Widow Mine  
  184  11:21  Marine x2  
  184  11:22  Medivac  
  188  11:25  Marauder  
  188  11:26  Marine  
  188  11:28  Widow Mine x2  
  188  11:29  Marine  
  183  11:34  Marauder  
  183  11:35  Marine  
  183  11:36  Ghost Academy  
  183  11:39  Marauder x2, Medivac  
  188  11:40  Widow Mine  
  188  11:45  Marine x3  
  186  11:47  Marine, Marauder  
  186  11:48  Marine  
  186  11:49  Widow Mine x2  
  170  11:55  Marauder  
  170  11:59  Medivac  
  170  12:00  Marauder  
  170  12:01  Marauder, Widow Mine  
  180  12:05  Marine x4  
  186  12:08  Marauder  
  186  12:11  Widow Mine x2  
  190  12:16  Marauder  
  190  12:17  Personal Cloaking  
  190  12:20  Marine x4, Refinery x2  
  190  12:22  Marauder x2  
  199  12:30  Marauder  
  199  12:32  Marine x2, Widow Mine x2  
  193  12:37  Planetary Fortress  
  193  12:38  Marauder  
  193  12:43  Marauder x2  
  199  12:50  Marine x2  
  193  12:51  Marauder  
  193  12:53  Marine, Widow Mine, Sensor Tower  
  193  12:54  Widow Mine  
  193  12:57  Command Center x2  
  198  12:58  Marine x2  
  199  13:11  Ghost  
  199  13:12  Ghost  
  197  13:16  Ghost x2  
  194  13:22  Refinery, Command Center  
  194  13:23  Refinery  
  179  13:27  Marine x3  
  179  13:30  Medivac  
  165  13:36  Command Center  
  165  13:40  Ghost x2  
  165  13:41  Marine x5  
  168  13:45  Marine, Ghost x2  
  183  13:48  Widow Mine x2  
  183  13:50  Terran Vehicle And Ship Armor Level 2  
  182  14:00  Widow Mine  
  178  14:04  Marine x3  
  178  14:09  Ghost x2  
  189  14:10  Widow Mine x2  
  189  14:13  Ghost  
  189  14:14  Ghost  
  193  14:19  Orbital Command x2  
  193  14:21  Widow Mine  
  195  14:29  Fusion Core, Starport  
  195  14:30  Starport  
  199  14:31  Widow Mine x2  
  197  14:42  Widow Mine  
  178  14:45  Ghost x2  
  178  14:46  Ghost  
  178  14:49  Medivac x2  
  185  14:52  Widow Mine  
  185  15:00  Ghost  
  182  15:11  Starport Reactor x2  
  182  15:13  Widow Mine x2  
  181  15:16  Advanced Ballistics  
  181  15:18  Marine x4, Medivac  
  181  15:19  Marine x2, Marauder x3, Medivac  
  181  15:20  Orbital Command  
  197  15:40  Missile Turret x2  
  197  15:45  Ghost  
  197  15:47  Neosteel Armor  
  199  16:01  Sensor Tower  
  195  16:16  Orbital Command  
  165  16:27  Siege Tank, Liberator  
  165  16:28  Liberator x5, Widow Mine x2  
  165  16:29  Marine, Marauder x2  
  171  16:34  Marine x2, Marauder x2  
  171  16:37  Marine x4  
  178  16:41  SCV x3  
  178  16:42  SCV  
  178  16:44  Planetary Fortress  
  178  16:46  Terran Vehicle And Ship Armor Level 3  
  182  16:51  Marauder x2  
  183  17:00  Siege Tank  
  182  17:10  Liberator  
  182  17:13  Liberator  
  186  17:26  Sensor Tower  
  185  17:44  Liberator x4  
  197  17:53  Liberator  
  193  18:07  Marine x3  
  193  18:08  Marauder x2  
  193  18:11  Missile Turret  
  197  18:18  Marine x2, Marauder  
  197  18:37  Marine, Marauder  
  200  18:44  Missile Turret  
  182  18:48  Marine x3  
  182  18:49  Marine x2, Marauder x3  
  182  18:53  Widow Mine x2  
  186  18:59  Marauder  
  186  19:00  Command Center x2  
  188  19:09  Ghost  
  188  19:10  Marine x2, Ghost, Marauder  
  193  19:19  Ghost  
  194  19:31  Marauder  
  194  19:37  Sensor Tower  
  195  19:39  Marauder  
  194  19:51  Ghost x2  
  168  19:53  Ghost  
  168  19:54  Marine  
  168  19:56  Liberator x2  
  168  19:57  Liberator x2  
  168  19:58  Liberator  
  168  19:59  Ghost  
  167  20:00  Widow Mine x3  
  167  20:01  Marine  
  172  20:19  Marine x2, Ghost  
  172  20:20  Marauder  
  175  20:23  Marauder  
  165  20:30  Ghost  
  165  20:34  Medivac  
  169  20:37  Marine  
  169  20:39  Liberator, Medivac  
  169  20:41  Ghost  
  177  20:44  Marauder  
  177  20:49  Marauder  
  181  20:50  Orbital Command x2  
  181  20:56  Missile Turret  
  179  21:16  Marine x5, Marauder  
  179  21:17  Marauder x3  
  192  21:23  Widow Mine x2  
  192  21:24  Widow Mine  
  184  21:44  Marine x5, Marauder x2  
  184  21:45  Marauder x2  
  184  21:46  Widow Mine x2  
  199  22:06  Marauder  
  198  22:08  SCV x2  
  198  22:13  Missile Turret  
  198  22:19  Marine  
  198  22:20  Liberator x2, Marauder, Marine  
  198  22:21  Marauder  
  195  22:32  Liberator  
  198  22:39  Marine x2  
  199  22:44  Marine x2  
  198  23:04  Marine, Marauder  
  194  23:27  Marine x2, Marauder  
  194  23:28  Marauder  
  191  23:39  Command Center x2, Medivac x2  
  195  23:47  Refinery  
  195  23:48  Refinery  
  195  24:03  Marine x3, Marauder  
  200  24:38  Marine x4, Marauder x2  
  189  24:39  Marauder  
  189  24:43  Liberator  
  180  24:49  Marine x3  
  176  24:57  Marine  
  176  24:58  Marine x4  
  176  24:59  Liberator x4  
  197  25:00  Marauder x3  
  198  25:18  Sensor Tower  
  200  25:21  Marauder  
  200  25:43  Missile Turret  
  200  25:48  Barracks Tech Lab x2  
  171  26:21  Ghost x5  
  171  26:22  Liberator x4  
  155  26:26  Marine x5  
  155  26:27  Marine  
  155  26:33  SCV x2  
  155  26:34  Orbital Command, SCV x3  
  152  26:44  Marine x4  
  152  26:46  Marine x2  
  158  26:49  Ghost x4  
  158  26:50  Marauder  
  167  26:56  Liberator x2  
  173  27:01  SCV x3  
  173  27:02  SCV x3, Marine x4  
  173  27:04  Marine x2  
  183  27:12  Marauder  
  185  27:18  Marauder  
  185  27:19  Marauder x3  
  185  27:20  Planetary Fortress, Marine  
  194  27:24  Sensor Tower  
  194  27:25  Marine x2  
  196  27:32  Marine x2  
  196  27:33  Marauder  
  200  27:50  Refinery x2  
  200  27:55  Missile Turret  
Tags
 
Add a new tag
Caveats
  • Supply blocks, unpowered buildings, or Contaminate may cause inaccurate times.
  • Supply counts are checked every 10 seconds.